 Dungeon Crawl Stone Soup version 0.27-a0-291-gd9602db6ee (webtiles) character file.

Game seed: 9610894840312715310

6904 HoaS the Cruncher (level 11, -3/66 HPs)
             Began as a Gargoyle Gladiator on Feb 9, 2021.
             Was an Elder of Okawaru.
             Slain by a centaur warrior simulacrum (4 damage)
             ... in a Gauntlet.
             The game lasted 00:21:17 (8634 turns).

HoaS the Cruncher (Gargoyle Gladiator)              Turns: 8634, Time: 00:21:18

Health: -3/66      AC: 30    Str: 19    XL:     11   Next: 6%
Magic:  11/12      EV:  9    Int: 10    God:    Okawaru [****..]
Gold:   730        SH:  0    Dex: 12    Spells: 10/10 levels left

rFire    . . .     SeeInvis .   w - +1 quarterstaff
rCold    . . .     Faith    .   (shield currently unavailable)
rNeg     + . .     Spirit   .   r - +0 plate armour (curse)
rPois    ∞         Reflect  .   c - +1 helmet
rElec    +         Harm     .   E - +1 cloak
rCorr    .         Rampage  .   (no gloves)
Will     .....     NoTele   +   (no boots)
Stlth    ..........             j - amulet of the acrobat
HPRegen  0.21/turn              o - +4 ring of protection
MPRegen  0.13/turn              (no ring)

@: heroism
A: negative energy resistance 1, electricity resistance, unbreathing,
petrification resistance, miasma immunity, AC +8
a: Renounce Religion, Heroism


You were in a Gauntlet.
You worshipped Okawaru.
Okawaru was greatly pleased with you.
You visited 3 branches of the dungeon, and saw 11 of its levels.
You also visited: Ossuary and Gauntlet.

You collected 730 gold pieces.

Inventory:

Hand Weapons
 w - a +1 quarterstaff (weapon)
Missiles
 q - 4 boomerangs
 s - a throwing net (quivered)
 t - 2 atropa-tipped darts
 u - 15 bolts
 B - 7 poisoned darts
 C - 8 javelins
Armour
 c - a +1 helmet (worn)
 r - a cursed +0 plate armour (worn)
 E - a +1 cloak (worn)
Jewellery
 j - an amulet of the acrobat (around neck)
 o - a +4 ring of protection (left hand)
Wands
 d - a wand of paralysis (2)
 v - a wand of iceblast (18)
 A - a wand of polymorph (10)
 F - a wand of acid (7)
Scrolls
 h - 8 scrolls of teleportation
 p - 3 scrolls of enchant armour
 y - 5 scrolls of remove curse
 z - a scroll of fear
 H - a scroll of fog
 I - a scroll of identify
Potions
 a - 3 potions of degeneration {unknown}
 b - a potion of resistance {unknown}
 e - 2 potions of flight {unknown}
 g - 4 potions of curing
 i - 3 potions of mutation {unknown}
 k - 3 potions of invisibility {unknown}
 l - 2 potions of cancellation {unknown}
 m - 2 potions of haste {unknown}
 n - 3 potions of lignification {unknown}
 D - a potion of might {unknown}
 G - a potion of ambrosia {unknown}


   Skills:
 * Level 6.4(11.4) Fighting
 - Level 14.0(19.0) Staves
 - Level 2.0(7.0) Crossbows
 - Level 1.7(6.7) Throwing
 + Level 4.0(9.0) Armour
 + Level 4.0(9.0) Dodging
 - Level 2.5 Invocations


You had 10 spell levels left.
You didn't know any spells.
Your spell library contained the following spells:

 Spells                   Type           Power        Failure   Level
 Beastly Appendage        Tmut           0%           100%        1
 Magic Dart               Conj           0%           100%        1
 Sting                    Tmut/Pois      0%           100%        1
 Poisonous Vapours        Pois/Air       0%           100%        2
 Searing Ray              Conj           0%           100%        2
 Swiftness                Air            0%           100%        2
 Dazzling Flash           Conj/Hex       0%           100%        3
 Ignite Poison            Fire/Tmut/Pois 0%           100%        3
 Fulminant Prism          Conj/Hex       0%           100%        4
 Iskenderun's Mystic Bla  Conj/Tloc      0%           100%        4
 Alistair's Intoxication  Tmut/Pois      0%           100%        5
 Eringya's Noxious Bog    Tmut/Pois      0%           100%        6


Dungeon Overview and Level Annotations

Branches:
Dungeon (9/15)             Temple (1/1) D:6            Lair (1/6) D:9
Ossuary (visited)         Gauntlet (1/1)
    Orc: D:9-12

Altars:
Ashenzari
Cheibriados
Dithmenos
Elyvilon
Fedhas
Gozag
Hepliaklqana
Kikubaaqudgha
Makhleb
Nemelex Xobeh
Okawaru
Qazlal
Ru
Sif Muna
Trog
Uskayaw
Vehumet
Wu Jian
Xom
Yredelemnul
Zin
The Shining One

Annotations:
D:7 2 runed translucent doors, exclusion: orange crystal statue
D:8 4 runed translucent doors, emiel's ghost, novice FoFi Gauntlet 9 transporters, exclusions: obsidian statue and orange crystal statue


Innate Abilities, Weirdness & Mutations

You are resistant to torment.
Your stone body is resilient. (AC +8)
You are immune to poison.
You resist negative energy. (rN+)
You are resistant to electric shocks. (rElec)
You can survive without breathing.
You are immune to petrification.
You are immune to miasma.


Message History

The harpy simulacrum claws you. The harpy simulacrum freezes you!!
* * * LOW HITPOINT WARNING * * *
The harpy simulacrum claws you but does no damage. x2
Your base Armour skill increases to level 4!
Your base Dodging skill increases to level 4!
Really walk into that cloud of freezing vapour? [Y]es or [N]o only, please.
Really walk into that cloud of freezing vapour? [Y]es or [N]o only, please.
Really walk into that cloud of freezing vapour? [Y]es or [N]o only, please.
Really walk into that cloud of freezing vapour? [Y]es or [N]o only, please.
Really walk into that cloud of freezing vapour?
Okay, then.
You sock the harpy simulacrum!
The harpy simulacrum vapourises!
Okawaru accepts your kill.
The centaur warrior simulacrum hits you.
You die...

8# #8# #8# #8# #8# #8# #8# #8# #8
#################################
.................................
.................................
####...###########...###########.
...#.8.#.......^.#.8.#....#..#=#.
#^.#...#.........#...#...#P.#P|#.
##[#####..#...#.$#####..#P.#P.##.
.#.#...#...^..Z○@#...#.#P.#P.#.#.
..©#©.©#...^©..Z°#©.©##P©#P.#8©#.
.#.#...#.^......?#...#.#P.#P.#.#.
##.#####..#^..#.[#####..#P.#P.##.
#^.#...#.........#...#...#P.#P.#.
...#...#.^.....^.#...#....#..#?#.
####...###########...###########.
.....§.............≈.............
....§8≈...........≈8≈............


You could see a hornet simulacrum and a centaur warrior simulacrum.

Vanquished Creatures
  A two-headed ogre (D:8)
  Pikel (D:5)
  Maurice (D:8)
  A cane toad (Lair:1)
  A komodo dragon (Lair:1)
  2 hornets (Gauntlet)
  A centaur simulacrum (Gauntlet)
  3 yaks (Lair:1)
  A harpy simulacrum (Gauntlet)
  2 sky beasts
  A water moccasin (D:6)
  4 ice beasts
  A necrophage (D:9)
  3 ogres
  4 black bears
  2 centaurs
  2 lemures (D:5)
  2 elf zombies (Ossuary)
  6 bullfrogs
  A wyvern zombie (D:8)
  A scorpion (D:9)
  6 killer bees (D:7)
  9 wights
  2 howler monkeys (D:8)
  2 quasits
  2 bullfrog zombies
  A bullfrog skeleton (D:7)
  A centaur zombie (Ossuary)
  An orc priest (D:5)
  3 hounds
  3 iguanas
  Terence (D:2)
  Ijyb (D:5)
  An orc wizard (D:7)
  8 worker ants
  2 hound zombies (Ossuary)
  2 hound skeletons (D:6)
  4 mummies
  A howler monkey zombie (D:5)
  A worker ant zombie (D:5)
  8 adders
  4 shadow imps
  4 white imps
  2 ufetubi (D:7)
  2 oozes
  8 adder zombies
  3 worms
  4 dart slugs
  6 leopard geckos
  26 orcs
  7 giant cockroaches
  2 gnoll zombies (Ossuary)
  12 goblins
  14 hobgoblins
  10 jackals
  5 kobolds
  4 quokkas
  9 bats
  11 frilled lizards
  3 goblin zombies (Ossuary)
  2 hobgoblin zombies (Ossuary)
  A jackal zombie (Ossuary)
  6 kobold zombies
  3 orc zombies
  A quokka skeleton (D:7)
  4 quokka zombies (Ossuary)
  5 rats
  4 rat zombies (Ossuary)
262 creatures vanquished.

Vanquished Creatures (others)
  26 withered plants (Gauntlet)
26 creatures vanquished.

Grand Total: 288 creatures vanquished

Notes
Turn   | Place    | Note
-------+----------+-------------------------------------------
     0 | D:1      | HoaS the Gargoyle Gladiator began the quest for the Orb.
     0 | D:1      | Reached XP level 1. HP: 12/12 MP: 1/1
    73 | D:1      | Reached XP level 2. HP: 14/17 MP: 2/2
   214 | D:1      | Reached skill level 1 in Crossbows
   601 | D:1      | Reached XP level 3. HP: 20/21 MP: 3/3
   725 | D:1      | Reached skill level 4 in Staves
   888 | D:2      | Noticed Terence
   900 | D:2      | Killed Terence
   901 | D:2      | Reached XP level 4. HP: 23/26 MP: 4/4
   919 | D:2      | Found a sparkling altar of Nemelex Xobeh.
  1641 | D:3      | Reached skill level 5 in Staves
  1664 | D:3      | Reached XP level 5. HP: 30/30 MP: 5/5
  2871 | D:5      | Entered Level 5 of the Dungeon
  2938 | D:5      | Reached skill level 6 in Staves
  3194 | D:5      | Reached XP level 6. HP: 35/35 MP: 6/6
  3308 | D:5      | Noticed Pikel
  3346 | D:5      | Paralysed by Pikel for 6 turns
  3359 | D:5      | Paralysed by Pikel for 7 turns
  3367 | D:5      | Killed Pikel
  3368 | D:5      | Reached skill level 8 in Staves
  3368 | D:5      | Reached XP level 7. HP: 16/40 MP: 7/7
  3701 | D:5      | Found a bloodstained altar of Trog.
  3755 | D:5      | Noticed Ijyb
  3769 | D:5      | Killed Ijyb
  4098 | D:5      | Reached skill level 9 in Staves
  4098 | D:5      | Reached XP level 8. HP: 36/44 MP: 8/8
  4156 | D:6      | Found a staircase to the Ecumenical Temple.
  4321 | D:6      | Found a sand-covered staircase.
  4329 | Ossuary  | Entered an ossuary
  4388 | Ossuary  | Reached skill level 10 in Staves
  4722 | Temple   | Entered the Ecumenical Temple
  5007 | Temple   | Became a worshipper of Warmaster Okawaru
  5065 | D:6      | Reached skill level 1 in Invocations
  5660 | D:6      | Reached skill level 11 in Staves
  5660 | D:6      | Reached XP level 9. HP: 48/48 MP: 10/10
  6052 | D:7      | Reached * piety under Okawaru
  6107 | D:7      | Reached skill level 12 in Staves
  6228 | D:7      | Identified the Almanac of Gliding Shape Shifting
  6447 | D:7      | Found a runed translucent door.
  6454 | D:7      | Found the +10 tower shield of Ignorance {rN+ Int-4}
  6483 | D:7      | Found a runed translucent door.
  6492 | D:7      | Noticed an orange crystal statue
  6774 | D:7      | Reached skill level 13 in Staves
  6971 | D:8      | Noticed a fire dragon
  6972 | D:8      | Found a runed translucent gate.
  6972 | D:8      | Found a runed translucent gate.
  6972 | D:8      | Found a runed translucent gate.
  6973 | D:8      | Noticed emiel's ghost (novice FoFi)
  6973 | D:8      | Noticed a cyclops
  6987 | D:8      | Reached ** piety under Okawaru
  6994 | D:8      | Reached XP level 10. HP: 53/53 MP: 11/11
  7028 | D:8      | Found a runed translucent door.
  7029 | D:8      | Noticed Maurice
  7048 | D:8      | Noticed an angel
  7049 | D:8      | Killed Maurice
  7078 | D:8      | Found a glowing golden altar of the Shining One.
  7397 | D:8      | Noticed a two-headed ogre
  7413 | D:8      | Killed a two-headed ogre
  7414 | D:8      | Reached skill level 14 in Staves
  7414 | D:8      | Reached skill level 1 in Armour
  7767 | D:9      | Reached *** piety under Okawaru
  7792 | D:9      | Found a staircase to the Lair.
  8031 | D:9      | Found a shadowy altar of Dithmenos.
  8167 | Lair:1   | Entered Level 1 of the Lair of Beasts
  8171 | Lair:1   | Noticed a cane toad
  8183 | Lair:1   | Killed a cane toad
  8210 | Lair:1   | Reached skill level 5 in Fighting
  8259 | Lair:1   | Found a gate leading to a gauntlet.
  8268 | Gauntlet | Entered a Gauntlet
  8268 | Gauntlet | Found a transporter.
  8268 | Gauntlet | Found a transporter.
  8268 | Gauntlet | Found a transporter.
  8268 | Gauntlet | Noticed a necromancer
  8272 | Gauntlet | Found a transporter.
  8272 | Gauntlet | Found a transporter.
  8272 | Gauntlet | Found a transporter.
  8276 | Gauntlet | Noticed a necromancer
  8279 | Gauntlet | Noticed a death yak
  8280 | Gauntlet | Noticed a death yak
  8281 | Gauntlet | Noticed a death yak
  8281 | Gauntlet | Noticed a death yak
  8282 | Gauntlet | Found a transporter.
  8282 | Gauntlet | Noticed a death yak
  8282 | Gauntlet | Noticed a death yak
  8286 | Gauntlet | Found a transporter.
  8295 | Gauntlet | Noticed an orange crystal statue
  8300 | Gauntlet | Found a transporter.
  8396 | Gauntlet | Found a transporter.
  8400 | Gauntlet | Found a transporter.
  8409 | Gauntlet | Noticed an obsidian statue
  8410 | Gauntlet | Found a transporter.
  8507 | Gauntlet | Reached XP level 11. HP: 56/64 MP: 12/12
  8522 | Gauntlet | Reached **** piety under Okawaru
  8633 | Gauntlet | HP: 1/64 [harpy simulacrum (20)]
  8634 | Gauntlet | Slain by a centaur warrior simulacrum

Illustrated notes

Levels and vault maps discovered:
D:1:      zelgadis_glass_arrival_small, layout_basic
D:2:      layout_loops_ring, nicolae_overflow_hidden_temple,
          grunt_decor_one_mirror, minmay_close_crescents, uniq_terence
D:3:      layout_basic
D:4:      cheibrodos_greedy_goblins, layout_loops_ring
D:5:      layout_basic, trog_butcher_becter, uniq_ijyb, uniq_pikel
D:6:      layout_gridville, minmay_temple_entry_sparse_star,
          nicolae_ossuary_entry_giza
D:7:      layout_gridville, chequers_guarded_unrand_ignorance
D:8:      layout_rooms, gammafunk_ghost_split, lemuel_angel_altar, uniq_maurice
D:9:      layout_loops_ring, lair_entry_dummy, basic_altar
Temple:   regret_index_temple_sigil_plot
Lair:1:   layout_loops_ring, gauntlet_entry_generic,
          chequers_serial_rivers_micro_a, kennysheep_abandoned_house,
          grunt_megastairs_4, uniq_maggie
Gauntlet: gammafunk_gauntlet_hard_choice [nicolae_gauntlet_arena_flowing_pool,
          gammafunk_gauntlet_arena_split_diamond,
          nicolae_gauntlet_arena_t_cross, gammafunk_gauntlet_arena_hedges,
          gammafunk_gauntlet_arena_grid, gammafunk_gauntlet_arena_arrow_garden,
          gauntlet_exit_watery]

Skill      XL: |  1  2  3  4  5  6  7  8  9 10 11 |
---------------+----------------------------------+-----
Crossbows      | 1 2 |  2.0
Staves         | 4 5 6 8 9 11 13 14 | 14.0
Invocations    | 2 |  2.5
Fighting       | 6 |  6.4
Armour         | 3 4 |  4.0
Dodging        | 3 4 |  4.0
Throwing       | |  1.7

Action                   |  1- 3 |  4- 6 |  7- 9 | 10-12 || total
-------------------------+-------+-------+-------+-------++-------
Melee: Quarterstaff      |    84 |   252 |   632 |   274 ||  1242
Throw: Throwing net      |       |     3 |       |     1 ||     4
Invok: Heroism           |       |       |       |     2 ||     2
Evoke: Wand              |       |       |       |     2 ||     2
  Use: Scroll            |     4 |     8 |     3 |     4 ||    19
       Potion            |       |       |       |     4 ||     4
 Stab: Held in net/web   |       |     1 |       |     1 ||     2
Armor: Leather armour    |    53 |       |       |       ||    53
       Scale mail        |       |    44 |       |       ||    44
       Plate armour      |       |    89 |   478 |   127 ||   694
Dodge: Dodged            |    71 |    93 |   288 |    90 ||   542

Table legend: (Time is in decaauts)
 A = Elapsed time spent in this place.
 B = Non-inter-level travel time spent in this place.
 C = Inter-level travel time spent in this place.
 D = Time resting spent in this place.
 E = Time spent auto-exploring this place.
 F = Levels seen in this place.
 G = Mean time per level.
                   A        B        C        D        E       F      G
               +--------+--------+--------+--------+--------+-----+--------+
         Total |   8399 |   8091 |    308 |   1178 |   4951 |  13 |  646.1 |
       Dungeon |   7373 |   7101 |    272 |   1113 |   4408 |   9 |  819.2 |
        Temple |    302 |    266 |     36 |      0 |    265 |   1 |  302.0 |
          Lair |     74 |     74 |      0 |      0 |      0 |   1 |   74.0 |
       Ossuary |    300 |    300 |      0 |      0 |    129 |   1 |  300.0 |
      Gauntlet |    346 |    346 |      0 |     65 |    149 |   1 |  346.0 |
               +--------+--------+--------+--------+--------+-----+--------+

Top non-repeatable levels by time:
     D:5: 1248 daAuts
     D:6: 1187 daAuts
     D:7: 919 daAuts
     D:1: 880 daAuts
     D:2: 706 daAuts
     D:9: 658 daAuts
     D:4: 652 daAuts
     D:3: 649 daAuts
     D:8: 472 daAuts
Gauntlet: 346 daAuts
  Temple: 302 daAuts
 Ossuary: 300 daAuts
  Lair:1: 74 daAuts
